 Dungeon Crawl Stone Soup version 0.31-a0-216-g22e908daa7 (webtiles) character file.

Game seed: 5270670942978264606

3248 qw the Cleaver (level 9, -1/57 HPs)
             Began as a Gargoyle Fighter on July 2, 2023.
             Was a Follower of Okawaru.
             Slain by an orc warrior
             ... wielding a +0 glaive
              (16 damage)
             ... on level 8 of the Dungeon.
             The game lasted 00:03:03 (6058 turns).

qw the Cleaver (Gargoyle Fighter)                   Turns: 6058, Time: 00:03:03

Health: -1/57      AC: 10    Str: 24    XL:     9   Next: 99%
Magic:  10/12      EV: 13    Int:  9    God:    Okawaru [*.....]
Gold:   351        SH:  6    Dex:  9    Spells: 8/8 levels left

rFire   . . .        Y - +2 war axe
rCold   . . .        c - +0 buckler
rNeg    + . .        (no body armour)
rPois   inf          (no helmet)
rElec   +            (no cloak)
rCorr   .            (no gloves)
SInv    .            (no boots)
Will    .....        (no amulet)
Stlth   +++          n - +4 ring of protection
HPRegen 0.29/turn    (no ring)
MPRegen 0.13/turn

%: no passive effects
@: brilliant, heroic
A: sickness immunity, AC +6, negative energy resistance 1, electricity
resistance, torment resistance 1, petrification resistance
a: Renounce Religion, Heroism


You were on level 8 of the Dungeon.
You worshipped Okawaru.
Okawaru was aware of your devotion.
You visited 2 branches of the dungeon, and saw 9 of its levels.

You collected 351 gold pieces.


Innate Abilities, Weirdness & Mutations

You are immune to sickness and miasma.
Your stone body is resilient. (AC +6)
You are immune to poison.
You resist negative energy. (rN+)
You are resistant to electric shocks. (rElec)
You are resistant to unholy torment.
You are immune to petrification.


   Skills:
 + Level 7.5(12.5) Fighting
 - Level 10.0(15.0) Axes
 - Level 4.0(9.0) Armour
 - Level 2.1(7.1) Dodging
 - Level 4.3(9.3) Shields
 - Level 4.0 Invocations


You had 8 spell levels left.
You didn't know any spells.
Your spell library was empty.

Inventory:

Hand Weapons
 g - a +0 flail
 Y - a +2 war axe (weapon)
Armour
 b - a +0 pair of gloves
 c - a +0 buckler (worn)
 i - a +1 helmet
 l - a +0 plate armour
 q - a +0 chain mail
 t - a +2 pair of boots
 u - a +0 cloak
Jewellery
 n - a +4 ring of protection (left hand)
 r - a ring of ice
 s - an amulet of regeneration
Scrolls
 f - a scroll of identify
 j - a scroll of enchant armour
Potions
 a - a potion of curing
 d - 5 potions of might
 e - a potion of enlightenment
 h - a potion of resistance
 k - a potion of invisibility {unknown}
 m - a potion of heal wounds
 o - 2 potions of lignification

Dungeon Overview and Level Annotations

Branches:
Dungeon (8/15)             Temple (1/1) D:6
   Lair: D:8-11

Altars:
Ashenzari
Cheibriados
Dithmenos
Elyvilon
Fedhas
Gozag
Hepliaklqana
Makhleb
Nemelex Xobeh
Okawaru
Qazlal
Ru
Sif Muna
Trog
Uskayaw
Wu Jian
Xom
Yredelemnul
Zin
The Shining One


Message History

You hit the wight but do no damage. The wight barely misses you.
You block the wight's attack. The orc warrior barely misses you.
You hit the wight but do no damage.
The wight is heavily damaged.
You hit the wight.
The wight hits you with a +4 dagger of freezing.
The wight freezes you.
The wight hits you with a +4 morningstar.
The orc warrior barely misses you.
You hit the wight.
The wight is severely damaged.
You hit the wight but do no damage. You hit the wight.
You destroy the wight!
Okawaru accepts your kill.
You hit the wight but do no damage.
The wight hits you with a +4 morningstar.
The orc warrior closely misses you.
Your Invocations skill increases to level 4!
6055 ||| DRINKING 2 potions of heal wounds.
You feel much better.
The wight hits you with a +4 morningstar.
The orc closely misses you. You block the orc warrior's attack.
You slash the wight!
You destroy the wight!
Okawaru accepts your kill.
You hit the orc.
The orc warrior hits you from afar with a +0 glaive!
You hit the orc.
You kill the orc!
Okawaru accepts your kill.
You hit the orc. The orc hits you but does no damage.
The orc warrior hits you from afar with a +0 glaive.
You barely miss the orc.
The orc is almost dead.
The orc barely misses you.
The orc warrior hits you from afar with a +0 glaive!
You die...

#. ... #########
###.#. #..<....#
...... #.#####.#
#####......
####.######..........
#........##.##o......
#
#.##.###.....@)......
#.##.##.#
####.###o..$..
#..<....# #... .....
###..#### ##### #...
#.## #. #.# #.# #.#
#.#


You could see an orc warrior and an orc.

Vanquished Creatures
  Pikel (D:4)
  Grinder (D:4)
  Eustachio (D:5)
  2 water moccasins (D:7)
  3 orc warriors (D:7)
  An ice beast (D:6)
  2 black bears (D:6)
  2 centaurs
  2 lemures
  A phantom (D:4)
  A kobold brigand (D:5)
  3 bullfrogs
  4 scorpions (D:5)
  4 wights (D:8)
  A howler monkey (D:5)
  4 hounds
  2 jellies
  A gnoll bouda (D:6)
  3 orc priests
  A sleepcap (D:6)
  Terence (D:3)
  4 orc wizards
  10 adders
  6 gnolls
  A shadow imp (D:5)
  An ufetubus (D:5)
  32 orcs
  4 ball pythons
  8 endoplasms
  3 giant cockroaches
  10 goblins
  8 hobgoblins
  9 kobolds
  2 quokkas (D:1)
  2 bats (D:1)
  3 frilled lizards
  6 rats
150 creatures vanquished.

Notes
Turn   | Place    | Note
-------+----------+-------------------------------------------
     0 | D:1      | qw the Gargoyle Fighter began the quest for the Orb.
     0 | D:1      | Reached XP level 1. HP: 14/14 MP: 1/1
     0 | D:1      | 0 ||| qw: Version: 0.3-a-35-g05ef00e
     0 | D:1      | 0 ||| qw: Game counter: 7807
     0 | D:1      | 0 ||| qw: Melee chars always use a shield: true
     0 | D:1      | 0 ||| qw: God list: Okawaru
     0 | D:1      | 0 ||| qw: Allow faded altars: false
     0 | D:1      | 0 ||| qw: Do Orc after clearing Dungeon:15 true
     0 | D:1      | 0 ||| qw: Do second Lair branch before Depths: true
     0 | D:1      | 0 ||| qw: Lair rune preference: random
     0 | D:1      | 0 ||| qw: Goals: Normal, Zot:1-4, Slime:5, God:TSO, Crypt,
                  | Tomb, Abyss, Pan, Hells, Win
     0 | D:1      | 0 ||| PLANNING D:1-11
    10 | D:1      | 10 ||| Stepping ~*~*~tactically~*~*~ (stealth).
    19 | D:1      | Reached skill level 2 in Axes
    22 | D:1      | Reached XP level 2. HP: 19/19 MP: 2/2
   163 | D:1      | 163 ||| Stepping ~*~*~tactically~*~*~ (stealth).
   313 | D:1      | Reached skill level 3 in Axes
   428 | D:1      | Reached XP level 3. HP: 23/23 MP: 3/3
   549 | D:1      | 549 ||| UPGRADING to +4 ring of protection.
   550 | D:1      | 550 ||| READING scroll labelled SUINIPS WUOTTI.
   551 | D:1      | 551 ||| READING scroll labelled ZIRAES TERI.
   552 | D:1      | 552 ||| READING scroll labelled GAOD ANEMEMNOE.
   553 | D:1      | 553 ||| READING scroll labelled VUCRYS LOFIQE.
   554 | D:1      | 554 ||| READING scroll labelled UQAWNIPOSMI.
   977 | D:2      | 977 ||| READING scroll of enchant weapon.
   977 | D:2      | 977 ||| ENCHANTING +1 war axe.
  1135 | D:2      | Found a bloodstained altar of Trog.
  1392 | D:2      | 1392 ||| READING scroll labelled GAFROOTAYSK.
  1393 | D:2      | 1393 ||| READING 2 scrolls of identify.
  1393 | D:2      | 1393 ||| IDENTIFYING sapphire potion
  1452 | D:3      | 1452 ||| DROPPING +0 club.
  1454 | D:3      | Noticed Terence
  1466 | D:3      | Killed Terence
  1467 | D:3      | Reached skill level 4 in Axes
  1467 | D:3      | Reached XP level 4. HP: 9/28 MP: 4/4
  1559 | D:3      | 1559 ||| DROPPING +0 mace of protection.
  1750 | D:3      | Found a blossoming altar of Fedhas.
  1844 | D:3      | 1844 ||| Stepping ~*~*~tactically~*~*~ (hiding).
  2036 | D:3      | Found a hazy altar of Hepliaklqana.
  2150 | D:3      | 2150 ||| Stepping ~*~*~tactically~*~*~ (hiding).
  2339 | D:3      | Reached XP level 5. HP: 27/32 MP: 5/5
  2397 | D:3      | 2397 ||| READING scroll labelled EDIVUR TEN.
  2402 | D:3      | 2402 ||| DRINKING 2 golden potions.
  2403 | D:3      | 2403 ||| DRINKING 3 amethyst potions.
  2404 | D:3      | 2404 ||| DROPPING potion of degeneration.
  2463 | D:4      | Noticed a phantom
  2478 | D:4      | Killed a phantom
  2479 | D:4      | Reached skill level 5 in Axes
  2489 | D:4      | Reached XP level 6. HP: 20/38 MP: 6/6
  2631 | D:4      | 2631 ||| Stepping ~*~*~tactically~*~*~ (stealth).
  3026 | D:4      | Reached skill level 1 in Dodging
  3104 | D:4      | Noticed Grinder
  3106 | D:4      | 3106 ||| Stepping ~*~*~tactically~*~*~ (hiding).
  3109 | D:4      | Paralysed by Grinder for 4 turns
  3127 | D:4      | Killed Grinder
  3128 | D:4      | Reached skill level 6 in Axes
  3128 | D:4      | Reached XP level 7. HP: 29/43 MP: 7/7
  3233 | D:4      | 3233 ||| UPGRADING to +0 chain mail.
  3243 | D:4      | 3243 ||| DROPPING +0 scale mail.
  3244 | D:4      | 3244 ||| READING scroll labelled HEFFOD HUBU.
  3245 | D:4      | 3245 ||| READING scroll labelled CADEF KUYGIGE.
  3246 | D:4      | 3246 ||| READING 4 scrolls labelled HIFOIL HAB.
  3247 | D:4      | 3247 ||| DRINKING 3 lumpy ruby potions.
  3273 | D:4      | 3273 ||| READING 2 scrolls of identify.
  3273 | D:4      | 3273 ||| IDENTIFYING ruby potion
  3274 | D:4      | 3274 ||| DROPPING 3 scrolls of vulnerability.
  3300 | D:5      | Entered Level 5 of the Dungeon
  3300 | D:5      | Noticed Pikel
  3308 | D:5      | 3308 ||| STAIRDANCE
  3314 | D:4      | HP: 6/43 [Pikel/+0 whip of flaming (9)]
  3314 | D:4      | HP: 1/43 [Pikel/+0 whip of flaming (5)]
  3315 | D:4      | 3315 ||| DRINKING 2 potions of heal wounds.
  3320 | D:4      | Killed Pikel
  3321 | D:4      | Reached skill level 8 in Axes
  3321 | D:4      | Reached XP level 8. HP: 21/48 MP: 8/8
  3451 | D:5      | 3451 ||| Stepping ~*~*~tactically~*~*~ (stealth).
  3484 | D:5      | Noticed Eustachio
  3502 | D:5      | Killed Eustachio
  3522 | D:5      | 3522 ||| Stepping ~*~*~tactically~*~*~ (stealth).
  3536 | D:5      | Reached skill level 6 in Fighting
  3698 | D:5      | 3698 ||| DRINKING potion of curing.
  3698 | D:5      | 3698 ||| (to cure confusion)
  3943 | D:5      | Found a sparkling altar of Nemelex Xobeh.
  4016 | D:5      | 4016 ||| READING scroll labelled BAMAOWUPNU.
  4017 | D:5      | 4017 ||| READING 3 scrolls of identify.
  4017 | D:5      | 4017 ||| IDENTIFYING fuming purple potion
  4018 | D:5      | 4018 ||| READING 2 scrolls of identify.
  4018 | D:5      | 4018 ||| IDENTIFYING smoky sapphire potion
  4019 | D:5      | 4019 ||| DROPPING potion of ambrosia.
  4030 | D:6      | Reached skill level 9 in Axes
  4042 | D:6      | Found a staircase to the Ecumenical Temple.
  4043 | D:6      | 4043 ||| PLANNING TEMPLE
  4051 | Temple   | Entered the Ecumenical Temple
  4053 | Temple   | 4053 ||| PLANNING OKAWARU WORSHIP
  4086 | Temple   | Became a worshipper of Warmaster Okawaru
  4087 | Temple   | 4087 ||| PLANNING D:1-11
  4171 | D:6      | Reached XP level 9. HP: 55/55 MP: 9/9
  4251 | D:6      | 4251 ||| Stepping ~*~*~tactically~*~*~ (hiding).
  4375 | D:6      | 4375 ||| Stepping ~*~*~tactically~*~*~ (hiding).
  4376 | D:6      | 4376 ||| Stepping ~*~*~tactically~*~*~ (hiding).
  4951 | D:6      | 4951 ||| READING scroll labelled QUPECI LYRYIPN.
  4952 | D:6      | 4952 ||| READING scroll labelled FAULAI BAHOMM.
  4957 | D:7      | 4957 ||| Stepping ~*~*~tactically~*~*~ (stealth).
  4971 | D:7      | Reached * piety under Okawaru
  5129 | D:7      | 5129 ||| Stepping ~*~*~tactically~*~*~ (hiding).
  5131 | D:7      | 5131 ||| Stepping ~*~*~tactically~*~*~ (hiding).
  5133 | D:7      | 5133 ||| INVOKING Heroism.
  5176 | D:7      | 5176 ||| INVOKING Heroism.
  5248 | D:7      | 5248 ||| Stepping ~*~*~tactically~*~*~ (stealth).
  5271 | D:7      | 5271 ||| Stepping ~*~*~tactically~*~*~ (hiding).
  5272 | D:7      | 5272 ||| Stepping ~*~*~tactically~*~*~ (hiding).
  5281 | D:7      | Reached skill level 1 in Invocations
  5379 | D:7      | Found a hide-covered altar of Uskayaw.
  5466 | D:7      | 5466 ||| UPGRADING to +0 plate armour.
  5479 | D:7      | 5479 ||| INVOKING Heroism.
  5652 | D:7      | 5652 ||| Stepping ~*~*~tactically~*~*~ (stealth).
  5656 | D:7      | 5656 ||| Stepping ~*~*~tactically~*~*~ (stealth).
  5666 | D:7      | 5666 ||| Stepping ~*~*~tactically~*~*~ (hiding).
  5667 | D:7      | 5667 ||| Stepping ~*~*~tactically~*~*~ (hiding).
  5673 | D:7      | 5673 ||| Stepping ~*~*~tactically~*~*~ (stealth).
  5674 | D:7      | 5674 ||| Stepping ~*~*~tactically~*~*~ (stealth).
  5693 | D:7      | 5693 ||| INVOKING Heroism.
  5709 | D:7      | Reached skill level 3 in Invocations
  5785 | D:7      | Found a glowing golden altar of the Shining One.
  5920 | D:7      | Reached skill level 10 in Axes
  5923 | D:7      | Found a white marble altar of Elyvilon.
  5982 | D:7      | Found a shimmering blue altar of Sif Muna.
  5986 | D:7      | 5986 ||| DRINKING 2 sedimented dark potions.
  5987 | D:7      | 5987 ||| DROPPING potion of brilliance.
  6039 | D:8      | 6039 ||| INVOKING Heroism.
  6054 | D:8      | HP: 11/57 [wight/+4 morningstar (5)]
  6055 | D:8      | 6055 ||| DRINKING 2 potions of heal wounds.
  6058 | D:8      | Slain by an orc warrior

Levels and vault maps discovered:
D:1:      beargit_arrival_greenhouse, layout_basic, minivault_27, minmay_tripent
D:2:      layout_basic, basic_altar
D:3:      layout_loops_cross, fedhas_altar_fruit_tree,
          mainiacjoe_overflow_alcove_2, serial_aquarium,
          aquarium_bridge_straight [aquarium_subvault_bridge,
          aquarium_subvault_wall, aquarium_subvault_bridge,
          aquarium_subvault_wall], aquarium_bridge_island_small
          [aquarium_subvault_small_open, aquarium_subvault_bridge,
          aquarium_subvault_bridge, aquarium_subvault_wall,
          aquarium_subvault_bridge], aquarium_window_2, aquarium_window_corner,
          aquarium_window_fake, aquarium_window_1, aquarium_view_2c,
          aquarium_pool_2, uniq_terence
D:4:      layout_gridville, saegor_snake_ambush, uniq_grinder
D:5:      layout_rooms, nemelex_spade_bored_becter, uniq_eustachio, uniq_pikel
D:6:      layout_gridville, minmay_temple_entry_junction_2,
          kennysheep_big_empty_room
D:7:      layout_rooms, mainiacjoe_overflow_cross_hatched,
          eat_drink_and_be_merry_uskayaw, lemuel_doored_altar, led_sif_pool,
          serial_glass, glass_columns_a, glass_columns_c, glass_columns_a,
          glass_columns_b, glass_columns_b, glass_columns_c, glass_columns_a,
          glass_columns_c, glass_columns_c, glass_columns_c, glass_columns_c,
          glass_columns_a, glass_columns_b, glass_columns_b
D:8:      layout_loops_cross, trog_butcher_becter, vehumet_statue,
          kennysheep_generic_room_9, uniq_amaemon, uniq_psyche, uniq_maggie
Temple:   nicolae_temple_ecumenical_triangle

Skill      XL: |  1  2  3  4  5  6  7  8  9 |
---------------+----------------------------+-----
Axes           | 2 3 4 5 6 8 9 10 | 10.0
Fighting       | 4 6 7 |  7.5
Dodging        | 1 2 |  2.1
Shields        | 4 |  4.3
Armour         | 4 |  4.0
Invocations    | 4 |  4.0

Action                     |  1- 3 |  4- 6 |  7- 9 || total
---------------------------+-------+-------+-------++-------
  Melee: War axe           |    86 |    88 |   284 ||   458
 Invoke: Heroism           |       |       |     5 ||     5
    Use: Scroll            |     8 |     1 |     9 ||    18
         Potion            |       |     2 |     5 ||     7
 Armour: Scale mail        |    34 |    46 |       ||    80
         Chain mail        |       |       |   180 ||   180
         Skin              |       |       |    22 ||    22
  Dodge: Dodged            |    30 |    40 |   158 ||   228
  Block: Buckler           |    18 |    12 |    64 ||    94

Table legend:
 A = Non-vault XP
 B = Vault XP
 C = Vault XP percentage of total XP
 D = Non-vault monster count
 E = Vault monster count
 F = Vault count percentage of total count
                 A         B        C        D         E       F
            +---------+---------+-------+---------+---------+-------
      Total |    3479 |    1162 |  25.0 |     140 |       8 |   5.4
            +---------+---------+-------+---------+---------+-------
        D:1 |      36 |       4 |  10.0 |      21 |       2 |   8.7
        D:2 |      25 |       0 |   0.0 |       9 |       0 |   0.0
        D:3 |      64 |      36 |  36.0 |      15 |       1 |   6.2
        D:4 |     311 |     919 |  74.7 |      18 |       4 |  18.2
        D:5 |     622 |     203 |  24.6 |      22 |       1 |   4.3
        D:6 |     842 |       0 |   0.0 |      18 |       0 |   0.0
        D:7 |    1190 |       0 |   0.0 |      30 |       0 |   0.0
        D:8 |     389 |       0 |   0.0 |       7 |       0 |   0.0
            +---------+---------+-------+---------+---------+-------
